General information
- name: BNet
- type: Ladder team game (AT/RT)
- host: Battle.net
- saver: BEAR_AND
map: Friends
- players: 8
- length: 50:23
- speed: Fast
- version: 1.21 W3XP
- replay type:

» download(580 KB)
Players
team 1 (loser)

»
Chance[Skynet] (
green | 81 APM | 4060 actions | 50:15)
4 Archmage
2 Summon Water Elemental
2 Brilliance Aura
» actions
| Assign group hotkey | 396 | |
| Basic commands | 88 | |
| Build / train | 220 | |
| ESC pressed | 2 | |
| Enter build submenu | 34 | |
| Enter hero's abilities submenu | 4 | |
| Remove unit from queue | 3 | |
| Right click | 1732 | |
| Select / deselect | 875 | |
| Select group hotkey | 491 | |
| Use ability | 215 | |
4060 total
» units
| Peasant | 43 | |
| Footman | 4 | |
| Goblin Sapper | 3 | |
| Flying Machine | 40 | |
| Dragonhawk Rider | 56 | |
| Siege Engine | 20 | |
| Rifleman | 4 | |
| Gryphon Rider | 1 | |
171 total
» upgrades
| Lumber Harvesting | 1 | |
| Cloud | 1 | |
| Barrage | 1 | |
3 total
» buildings
| Altar of Kings | 1 | |
| Barracks | 1 | |
| Farm | 15 | |
| Scout Tower | 5 | |
| Arcane Tower | 5 | |
| Arcane Vault | 1 | |
| Keep | 1 | |
| Blacksmith | 1 | |
| Lumber Mill | 1 | |
| Workshop | 1 | |
| Gryphon Aviary | 1 | |
| Guard Tower | 6 | |
| Town Hall | 5 | |
| Castle | 1 | |
45 total
» build order
00:07 Altar of Kings
00:20 Barracks
00:32 Farm
00:37 Farm
01:41 Farm
01:52 Scout Tower
01:57 Scout Tower
02:08 Farm
02:43 Arcane Tower
02:59 Arcane Tower
04:05 Farm
04:17 Farm
04:49 Arcane Vault
06:32 Keep
10:04 Scout Tower
10:52 Arcane Tower
10:59 Blacksmith
11:02 Lumber Mill
11:49 Farm
12:48 Workshop
14:01 Gryphon Aviary
14:11 Farm
14:36 Guard Tower
15:27 Farm
16:33 Town Hall
16:57 Scout Tower
16:57 Farm
16:59 Farm
18:49 Guard Tower
18:54 Farm
18:55 Farm
18:56 Farm
18:57 Farm
18:59 Scout Tower
19:21 Castle
19:47 Guard Tower
21:43 Town Hall
22:18 Town Hall
24:10 Town Hall
27:34 Guard Tower
29:36 Guard Tower
37:28 Guard Tower
48:46 Town Hall
» items
| Scroll of Regeneration | 2 | |
| Lesser Clarity Potion | 3 | |
| Ivory Tower | 13 | |
| Potion of Healing | 3 | |
| Scroll of Town Portal | 3 | |
24 total
Flow[skynet] (
orange | 115 APM | 5793 actions | 50:15)
7 Death Knight
3 Death Coil
2 Unholy Aura
1 Death Pact
1 Animate Dead
7 Lich
3 Frost Nova
3 Frost Armor
1 Death and Decay
6 Dreadlord
3 Sleep
2 Vampiric Aura
1 Inferno
» actions
| Assign group hotkey | 69 | |
| Basic commands | 49 | |
| Build / train | 118 | |
| Enter build submenu | 47 | |
| Enter hero's abilities submenu | 20 | |
| Give item / drop item | 1 | |
| Right click | 1983 | |
| Select / deselect | 530 | |
| Select group hotkey | 2762 | |
| Use ability | 214 | |
5793 total
» units
| Acolyte | 31 | |
| Ghoul | 3 | |
| Crypt Fiend | 11 | |
| Forest Troll Shadow Priest | 2 | |
| Obsidian Statue | 3 | |
| Frost Wyrm | 8 | |
| Goblin Zeppelin | 1 | |
59 total
» upgrades
| Creature Attack | 3 | |
| Web | 1 | |
| Destroyer Form | 1 | |
| Creature Carapace | 3 | |
| Freezing Breath | 1 | |
| Ghoul Frenzy | 1 | |
10 total
» buildings
| Crypt | 1 | |
| Graveyard | 1 | |
| Altar of Darkness | 1 | |
| Ziggurat | 25 | |
| Tomb of Relics | 1 | |
| Nerubian Tower | 3 | |
| Halls of the Dead | 1 | |
| Black Citadel | 1 | |
| Slaughterhouse | 1 | |
| Sacrificial Pit | 1 | |
| Boneyard | 1 | |
| Necropolis | 8 | |
| Spirit Tower | 8 | |
53 total
» build order
00:09 Crypt
00:13 Graveyard
00:42 Altar of Darkness
00:57 Ziggurat
01:24 Tomb of Relics
02:00 Ziggurat
02:16 Nerubian Tower
03:35 Nerubian Tower
04:30 Halls of the Dead
05:26 Ziggurat
07:23 Black Citadel
07:44 Ziggurat
08:49 Slaughterhouse
09:12 Sacrificial Pit
10:09 Boneyard
11:30 Ziggurat
12:19 Ziggurat
12:29 Necropolis
15:41 Spirit Tower
15:45 Ziggurat
15:46 Ziggurat
17:57 Nerubian Tower
17:58 Spirit Tower
18:02 Spirit Tower
18:32 Spirit Tower
20:49 Spirit Tower
20:49 Spirit Tower
20:56 Ziggurat
25:28 Spirit Tower
25:29 Ziggurat
25:30 Ziggurat
25:31 Ziggurat
25:34 Ziggurat
25:36 Ziggurat
25:40 Ziggurat
28:01 Spirit Tower
33:53 Necropolis
35:18 Ziggurat
35:19 Ziggurat
36:07 Ziggurat
36:08 Ziggurat
36:09 Ziggurat
38:56 Necropolis
39:12 Necropolis
40:34 Necropolis
40:36 Necropolis
40:38 Necropolis
40:39 Necropolis
41:55 Ziggurat
41:56 Ziggurat
41:57 Ziggurat
41:59 Ziggurat
42:32 Ziggurat
» items
| Rod of Necromancy | 3 | |
| Dust of Appearance | 1 | |
| Potion of Healing | 1 | |
| Orb of Corruption | 1 | |
| Scroll of Healing | 2 | |
| Scroll of Town Portal | 2 | |
10 total
Yeggi[skynet] (
blue | 111 APM | 5585 actions | 50:20)
6 Blademaster
3 Wind Walk
3 Critical Strike
5 Shadow Hunter
2 Hex
3 Healing Wave
» actions
| Assign group hotkey | 64 | |
| Basic commands | 5 | |
| Build / train | 142 | |
| ESC pressed | 2 | |
| Enter build submenu | 33 | |
| Enter hero's abilities submenu | 11 | |
| Give item / drop item | 2 | |
| Remove unit from queue | 13 | |
| Right click | 2293 | |
| Select / deselect | 895 | |
| Select group hotkey | 1753 | |
| Use ability | 372 | |
5585 total
» units
| Peon | 19 | |
| Grunt | 8 | |
| Troll Witch Doctor | 16 | |
| Tauren | 17 | |
| Demolisher | 2 | |
| Spirit Walker | 10 | |
| Shaman | 5 | |
| Goblin Zeppelin | 1 | |
| Troll Headhunter/Berserker | 2 | |
80 total
» upgrades
| Witch Doctor Training | 2 | |
| Reinforced Defenses | 1 | |
| Pulverize | 1 | |
| Spirit Walker Training | 2 | |
| Shaman Training | 2 | |
| Burning Oil | 1 | |
9 total
» buildings
| Altar of Storms | 2 | |
| Orc Burrow | 9 | |
| Barracks | 1 | |
| Stronghold | 2 | |
| Voodoo Lounge | 1 | |
| War Mill | 1 | |
| Beastiary | 1 | |
| Spirit Lodge | 1 | |
| Fortress | 2 | |
| Tauren Totem | 1 | |
| Watch Tower | 12 | |
| Great Hall | 4 | |
37 total
» build order
00:03 Altar of Storms
00:06 Altar of Storms
00:17 Orc Burrow
00:37 Barracks
01:28 Orc Burrow
02:59 Stronghold
03:31 Orc Burrow
03:46 Voodoo Lounge
04:08 War Mill
05:43 Beastiary
05:45 Spirit Lodge
06:40 Fortress
09:07 Tauren Totem
09:34 Orc Burrow
09:40 Orc Burrow
09:42 Orc Burrow
09:43 Orc Burrow
14:48 Watch Tower
14:49 Watch Tower
14:50 Watch Tower
14:51 Watch Tower
14:52 Watch Tower
14:53 Watch Tower
14:57 Watch Tower
14:59 Watch Tower
15:00 Watch Tower
15:03 Watch Tower
15:03 Watch Tower
15:07 Watch Tower
25:05 Great Hall
25:28 Orc Burrow
25:29 Orc Burrow
26:59 Great Hall
39:45 Great Hall
40:48 Great Hall
» items
| Healing Salve | 2 | |
| Lesser Clarity Potion | 8 | |
| Scroll of Speed | 2 | |
| Orb of Lightning | 2 | |
| Scroll of Town Portal | 4 | |
| Potion of Mana | 1 | |
19 total
Zs.SuperCumulo (
purple | 120 APM | 6025 actions | 50:13)
7 Archmage
3 Summon Water Elemental
3 Brilliance Aura
1 Mass Teleport
6 Blood Mage
2 Siphon Mana
3 Flame Strike
1 Summon Phoenix
» actions
| Assign group hotkey | 60 | |
| Basic commands | 618 | |
| Build / train | 174 | |
| ESC pressed | 18 | |
| Enter build submenu | 40 | |
| Enter hero's abilities submenu | 15 | |
| Give item / drop item | 1 | |
| Remove unit from queue | 14 | |
| Right click | 2248 | |
| Select / deselect | 1314 | |
| Select group hotkey | 1260 | |
| Use ability | 263 | |
6025 total
» units
| Peasant | 34 | |
| Footman | 4 | |
| Mortar Team | 29 | |
| Sorceress | 10 | |
| Flying Machine | 10 | |
| Goblin Sapper | 4 | |
| Priest | 1 | |
92 total
» upgrades
| Gunpowder | 3 | |
| Sorceress Training | 2 | |
| Flare | 1 | |
| Lumber Harvesting | 1 | |
| Fragmentation Shards | 1 | |
| Flak Cannons | 1 | |
9 total
» buildings
| Altar of Kings | 3 | |
| Farm | 20 | |
| Barracks | 1 | |
| Lumber Mill | 1 | |
| Keep | 6 | |
| Blacksmith | 1 | |
| Arcane Vault | 2 | |
| Arcane Sanctum | 1 | |
| Workshop | 2 | |
| Town Hall | 2 | |
| Scout Tower | 5 | |
| Castle | 3 | |
| Arcane Tower | 3 | |
| Guard Tower | 2 | |
52 total
» build order
00:06 Altar of Kings
00:18 Farm
00:20 Barracks
00:40 Farm
01:15 Lumber Mill
01:54 Farm
03:07 Keep
03:07 Keep
03:08 Keep
03:52 Blacksmith
03:56 Farm
04:28 Arcane Vault
05:31 Arcane Sanctum
05:36 Workshop
05:37 Workshop
05:45 Farm
06:37 Farm
08:31 Farm
08:31 Farm
09:11 Farm
11:54 Farm
13:08 Town Hall
13:47 Farm
13:48 Farm
17:50 Scout Tower
17:51 Scout Tower
19:11 Scout Tower
19:20 Castle
19:20 Castle
19:41 Arcane Tower
19:41 Arcane Tower
20:42 Scout Tower
21:44 Guard Tower
21:45 Scout Tower
33:03 Farm
33:05 Farm
38:47 Altar of Kings
45:50 Farm
46:01 Altar of Kings
46:02 Farm
46:31 Farm
46:31 Farm
46:32 Farm
46:33 Farm
47:41 Town Hall
48:29 Keep
48:32 Arcane Vault
» items
| Scroll of Regeneration | 6 | |
| Potion of Healing | 3 | |
| Scroll of Town Portal | 5 | |
| Lesser Clarity Potion | 5 | |
| Potion of Mana | 1 | |
20 total
team 2 (winner)
BEAR_AND (
red | 104 APM | 5263 actions | 50:23)
4 Archmage
2 Blizzard
2 Brilliance Aura
3 Mountain King
2 Storm Bolt
1 Bash
3 Paladin
2 Holy Light
1 Divine Shield
» actions
| Assign group hotkey | 9 | |
| Basic commands | 2 | |
| Build / train | 234 | |
| Enter build submenu | 104 | |
| Enter hero's abilities submenu | 11 | |
| Give item / drop item | 7 | |
| Remove unit from queue | 9 | |
| Right click | 3146 | |
| Select / deselect | 692 | |
| Select group hotkey | 546 | |
| Use ability | 503 | |
5263 total
» units
| Peasant | 47 | |
| Sorceress | 2 | |
| Dragonhawk Rider | 4 | |
53 total
» upgrades
| Masonry | 3 | |
| Lumber Harvesting | 1 | |
| Magic Sentry | 1 | |
| Sorceress Training | 1 | |
| Cloud | 1 | |
| Storm Hammers | 1 | |
8 total
» buildings
| Altar of Kings | 1 | |
| Farm | 8 | |
| Lumber Mill | 1 | |
| Scout Tower | 316 | |
| Arcane Tower | 5 | |
| Guard Tower | 109 | |
| Arcane Vault | 2 | |
| Keep | 3 | |
| Castle | 2 | |
| Town Hall | 2 | |
| Arcane Sanctum | 1 | |
| Gryphon Aviary | 6 | |
| Barracks | 1 | |
| Blacksmith | 1 | |
458 total
» build order
00:11 Altar of Kings
00:20 Farm
00:45 Lumber Mill
00:50 Farm
01:19 Scout Tower
01:25 Farm
01:35 Scout Tower
01:58 Arcane Tower
01:59 Arcane Tower
01:59 Arcane Tower
02:20 Guard Tower
02:23 Scout Tower
02:26 Scout Tower
03:19 Guard Tower
03:20 Scout Tower
03:20 Scout Tower
03:31 Arcane Vault
03:38 Scout Tower
03:39 Scout Tower
03:40 Scout Tower
03:43 Scout Tower
03:51 Guard Tower
04:02 Scout Tower
04:09 Arcane Tower
04:33 Guard Tower
04:34 Scout Tower
04:38 Scout Tower
05:04 Keep
05:06 Scout Tower
05:07 Scout Tower
05:09 Scout Tower
05:10 Scout Tower
05:29 Guard Tower
05:30 Guard Tower
05:31 Guard Tower
05:33 Guard Tower
05:40 Scout Tower
05:41 Scout Tower
05:42 Scout Tower
06:43 Guard Tower
06:47 Guard Tower
06:47 Guard Tower
06:50 Scout Tower
06:51 Guard Tower
06:52 Guard Tower
06:53 Scout Tower
06:54 Guard Tower
06:55 Scout Tower
07:16 Guard Tower
07:40 Guard Tower
08:02 Farm
08:04 Farm
08:55 Castle
09:42 Scout Tower
09:44 Scout Tower
09:45 Scout Tower
09:47 Scout Tower
09:51 Scout Tower
09:51 Scout Tower
10:42 Guard Tower
11:06 Town Hall
11:18 Guard Tower
11:25 Scout Tower
11:26 Scout Tower
11:27 Scout Tower
11:28 Scout Tower
11:29 Scout Tower
11:30 Scout Tower
11:31 Scout Tower
12:22 Guard Tower
12:32 Guard Tower
12:34 Guard Tower
12:34 Guard Tower
13:43 Town Hall
13:48 Guard Tower
14:00 Guard Tower
14:01 Scout Tower
14:02 Scout Tower
14:03 Scout Tower
14:06 Scout Tower
14:08 Scout Tower
14:08 Scout Tower
14:09 Scout Tower
14:35 Guard Tower
14:36 Guard Tower
14:39 Scout Tower
14:40 Scout Tower
14:41 Scout Tower
14:42 Scout Tower
14:43 Guard Tower
15:27 Keep
15:35 Guard Tower
15:38 Scout Tower
15:39 Scout Tower
15:39 Scout Tower
15:41 Guard Tower
16:07 Scout Tower
16:07 Scout Tower
16:08 Scout Tower
16:10 Scout Tower
16:11 Scout Tower
16:11 Scout Tower
16:13 Scout Tower
16:14 Scout Tower
16:29 Guard Tower
16:53 Guard Tower
16:53 Guard Tower
17:11 Guard Tower
17:50 Castle
17:52 Guard Tower
17:55 Arcane Sanctum
18:24 Scout Tower
18:25 Scout Tower
18:25 Scout Tower
18:26 Scout Tower
18:27 Scout Tower
18:30 Scout Tower
18:31 Scout Tower
18:31 Scout Tower
18:33 Scout Tower
18:33 Scout Tower
18:33 Scout Tower
18:56 Scout Tower
18:58 Scout Tower
19:01 Scout Tower
19:02 Scout Tower
19:06 Scout Tower
19:08 Scout Tower
19:10 Scout Tower
19:11 Scout Tower
19:47 Guard Tower
19:50 Guard Tower
20:01 Guard Tower
20:18 Guard Tower
20:27 Scout Tower
20:29 Scout Tower
20:29 Scout Tower
20:30 Scout Tower
20:32 Scout Tower
20:32 Scout Tower
20:33 Scout Tower
20:33 Scout Tower
20:47 Guard Tower
20:51 Guard Tower
20:55 Guard Tower
21:59 Guard Tower
22:17 Gryphon Aviary
22:18 Gryphon Aviary
22:27 Guard Tower
23:00 Scout Tower
23:01 Scout Tower
23:29 Guard Tower
23:33 Farm
23:34 Farm
23:34 Farm
23:42 Guard Tower
23:43 Guard Tower
23:44 Guard Tower
24:03 Guard Tower
24:09 Scout Tower
24:10 Scout Tower
24:38 Guard Tower
24:44 Barracks
25:15 Scout Tower
25:16 Scout Tower
25:16 Scout Tower
25:17 Guard Tower
25:24 Guard Tower
25:26 Scout Tower
25:27 Scout Tower
25:29 Scout Tower
25:30 Scout Tower
25:31 Scout Tower
25:31 Scout Tower
25:32 Scout Tower
25:32 Scout Tower
25:33 Scout Tower
25:34 Scout Tower
25:35 Scout Tower
25:36 Scout Tower
25:36 Scout Tower
25:37 Scout Tower
25:39 Scout Tower
25:40 Scout Tower
27:04 Guard Tower
28:01 Keep
28:31 Guard Tower
28:41 Gryphon Aviary
28:42 Arcane Vault
29:03 Guard Tower
29:06 Scout Tower
29:20 Blacksmith
30:27 Gryphon Aviary
30:28 Gryphon Aviary
30:28 Gryphon Aviary
30:44 Guard Tower
31:21 Scout Tower
31:21 Scout Tower
31:22 Scout Tower
31:22 Scout Tower
31:51 Scout Tower
31:51 Scout Tower
31:52 Scout Tower
31:53 Scout Tower
31:58 Guard Tower
32:16 Guard Tower
32:28 Guard Tower
32:30 Scout Tower
32:30 Scout Tower
32:31 Scout Tower
32:32 Guard Tower
32:33 Scout Tower
32:34 Scout Tower
32:34 Scout Tower
32:35 Scout Tower
32:35 Scout Tower
32:36 Scout Tower
32:58 Guard Tower
33:05 Guard Tower
33:08 Scout Tower
33:09 Scout Tower
33:12 Scout Tower
33:13 Scout Tower
33:13 Scout Tower
33:16 Scout Tower
33:17 Scout Tower
33:18 Scout Tower
33:18 Scout Tower
33:19 Scout Tower
33:20 Scout Tower
33:20 Scout Tower
33:21 Scout Tower
33:22 Scout Tower
33:30 Scout Tower
33:30 Scout Tower
33:38 Guard Tower
33:38 Guard Tower
33:38 Guard Tower
33:41 Guard Tower
33:57 Scout Tower
33:57 Scout Tower
33:58 Scout Tower
33:58 Scout Tower
33:59 Scout Tower
33:59 Scout Tower
34:00 Scout Tower
34:01 Scout Tower
34:01 Scout Tower
34:02 Scout Tower
34:02 Scout Tower
34:03 Scout Tower
34:05 Guard Tower
34:06 Scout Tower
34:07 Scout Tower
34:14 Guard Tower
34:16 Guard Tower
34:18 Guard Tower
34:46 Guard Tower
35:07 Guard Tower
35:12 Guard Tower
35:16 Scout Tower
35:16 Scout Tower
35:21 Scout Tower
35:22 Scout Tower
35:23 Scout Tower
35:23 Scout Tower
35:24 Scout Tower
35:43 Scout Tower
35:43 Scout Tower
35:44 Scout Tower
35:48 Scout Tower
35:49 Scout Tower
35:49 Scout Tower
35:50 Scout Tower
35:50 Scout Tower
37:12 Guard Tower
37:13 Guard Tower
37:16 Scout Tower
37:16 Scout Tower
37:17 Scout Tower
37:21 Scout Tower
37:22 Scout Tower
37:23 Scout Tower
37:46 Guard Tower
37:48 Scout Tower
37:49 Scout Tower
37:50 Scout Tower
37:51 Guard Tower
38:35 Guard Tower
38:40 Scout Tower
38:41 Scout Tower
38:41 Scout Tower
38:43 Scout Tower
38:44 Scout Tower
38:45 Scout Tower
38:46 Scout Tower
38:46 Scout Tower
38:47 Scout Tower
38:48 Scout Tower
38:49 Scout Tower
38:49 Scout Tower
39:00 Scout Tower
39:01 Scout Tower
39:02 Scout Tower
39:02 Scout Tower
39:03 Scout Tower
39:04 Scout Tower
39:04 Scout Tower
39:05 Scout Tower
39:05 Scout Tower
39:06 Scout Tower
39:07 Scout Tower
39:07 Scout Tower
39:10 Guard Tower
39:25 Guard Tower
39:34 Guard Tower
39:39 Guard Tower
39:41 Guard Tower
39:50 Guard Tower
39:53 Scout Tower
39:54 Scout Tower
39:55 Scout Tower
39:55 Scout Tower
39:56 Scout Tower
39:57 Scout Tower
39:58 Guard Tower
40:08 Guard Tower
40:14 Scout Tower
40:14 Scout Tower
40:15 Scout Tower
40:16 Scout Tower
40:16 Scout Tower
40:17 Scout Tower
40:20 Scout Tower
40:27 Guard Tower
40:33 Scout Tower
40:34 Scout Tower
40:59 Guard Tower
41:03 Scout Tower
41:04 Scout Tower
41:04 Scout Tower
41:05 Scout Tower
41:06 Scout Tower
41:06 Scout Tower
41:27 Guard Tower
41:40 Guard Tower
41:41 Scout Tower
41:42 Scout Tower
41:43 Scout Tower
41:43 Scout Tower
41:44 Scout Tower
41:47 Scout Tower
41:48 Scout Tower
41:52 Scout Tower
41:52 Scout Tower
41:53 Scout Tower
41:53 Scout Tower
41:54 Scout Tower
41:55 Scout Tower
41:55 Scout Tower
41:56 Scout Tower
41:57 Scout Tower
41:58 Scout Tower
41:59 Scout Tower
42:00 Scout Tower
42:01 Guard Tower
42:09 Guard Tower
42:24 Guard Tower
42:26 Guard Tower
42:40 Scout Tower
42:41 Scout Tower
42:41 Scout Tower
43:43 Guard Tower
43:46 Scout Tower
43:48 Scout Tower
43:49 Scout Tower
43:49 Scout Tower
44:29 Scout Tower
44:31 Scout Tower
44:31 Scout Tower
44:32 Scout Tower
44:33 Guard Tower
44:58 Guard Tower
45:00 Scout Tower
45:00 Scout Tower
45:01 Scout Tower
45:02 Scout Tower
45:03 Scout Tower
45:04 Scout Tower
45:05 Scout Tower
45:06 Scout Tower
45:07 Scout Tower
45:46 Guard Tower
45:52 Scout Tower
45:53 Scout Tower
45:54 Scout Tower
45:54 Scout Tower
45:55 Scout Tower
45:55 Scout Tower
45:56 Scout Tower
45:57 Scout Tower
45:58 Scout Tower
46:00 Scout Tower
46:00 Scout Tower
46:01 Scout Tower
46:02 Scout Tower
46:03 Scout Tower
46:03 Scout Tower
46:04 Scout Tower
46:04 Scout Tower
46:05 Scout Tower
46:06 Scout Tower
46:07 Scout Tower
46:08 Scout Tower
46:09 Scout Tower
46:09 Scout Tower
46:27 Guard Tower
46:58 Guard Tower
47:01 Scout Tower
47:02 Scout Tower
47:03 Scout Tower
47:03 Scout Tower
47:04 Scout Tower
47:04 Scout Tower
47:19 Guard Tower
47:20 Scout Tower
47:21 Scout Tower
47:21 Scout Tower
47:22 Scout Tower
47:23 Scout Tower
47:23 Scout Tower
47:24 Scout Tower
47:25 Guard Tower
47:38 Guard Tower
47:40 Scout Tower
47:40 Scout Tower
47:41 Scout Tower
47:41 Scout Tower
47:42 Scout Tower
47:43 Scout Tower
47:46 Scout Tower
47:54 Guard Tower
48:06 Scout Tower
48:07 Scout Tower
48:08 Scout Tower
48:25 Guard Tower
48:48 Guard Tower
49:32 Guard Tower
49:42 Scout Tower
49:43 Scout Tower
49:43 Scout Tower
49:44 Scout Tower
49:45 Scout Tower
49:45 Scout Tower
» items
| Healing Salve | 2 | |
| Lesser Clarity Potion | 5 | |
| Staff of Sanctuary | 3 | |
| Scroll of Town Portal | 4 | |
| Orb of Venom | 1 | |
| Inferno Stone | 1 | |
| Sobi Mask | 1 | |
| Boots of Quel'Thalas +6 | 1 | |
| Mana Stone | 1 | |
19 total
Iceberg-Slim (
pink | 113 APM | 5697 actions | 50:22)
4 Pandaren Brewmaster
2 Breath of Fire
2 Drunken Haze
4 Dark Ranger
2 Black Arrow
2 Silence
3 Naga Sea Witch
2 Frost Arrows
1 Forked Lightning
» actions
| Assign group hotkey | 23 | |
| Basic commands | 239 | |
| Build / train | 89 | |
| ESC pressed | 2 | |
| Enter build submenu | 19 | |
| Enter hero's abilities submenu | 11 | |
| Give item / drop item | 4 | |
| Right click | 2902 | |
| Select / deselect | 728 | |
| Select group hotkey | 1591 | |
| Use ability | 89 | |
5697 total
» units
| Wisp | 26 | |
| Chimaera | 11 | |
| Hippogryph | 8 | |
45 total
» upgrades
| Strength of the Wild | 3 | |
| Reinforced Hides | 3 | |
| Ultravision | 1 | |
| Well Spring | 1 | |
| Corrosive Breath | 1 | |
9 total
» buildings
| Altar of Elders | 1 | |
| Moon Well | 9 | |
| Ancient of Wonders | 3 | |
| Tree of Ages | 1 | |
| Hunter's Hall | 1 | |
| Tree of Eternity | 1 | |
| Ancient of Wind | 1 | |
| Chimaera Roost | 3 | |
20 total
» build order
00:06 Altar of Elders
00:22 Moon Well
01:05 Moon Well
02:39 Ancient of Wonders
03:44 Moon Well
03:51 Ancient of Wonders
05:15 Tree of Ages
05:52 Hunter's Hall
06:45 Moon Well
06:50 Moon Well
08:10 Tree of Eternity
09:21 Ancient of Wind
10:03 Moon Well
11:23 Chimaera Roost
11:26 Chimaera Roost
11:29 Chimaera Roost
12:40 Moon Well
14:48 Moon Well
14:55 Moon Well
25:29 Ancient of Wonders
» items
| Runed Bracers | 1 | |
| Scourge Bone Chimes | 1 | |
| Anti-magic Potion | 1 | |
| Orb of Venom | 1 | |
| Scroll of Town Portal | 10 | |
| Scroll of Speed | 2 | |
| Healing Salve | 1 | |
17 total
iggy_the_fisk (
teal | 95 APM | 4768 actions | 50:21)
7 Blademaster
3 Wind Walk
3 Critical Strike
1 Bladestorm
» actions
| Assign group hotkey | 219 | |
| Basic commands | 8 | |
| Build / train | 102 | |
| Enter build submenu | 100 | |
| Enter hero's abilities submenu | 7 | |
| Give item / drop item | 4 | |
| Right click | 3381 | |
| Select / deselect | 416 | |
| Select group hotkey | 288 | |
| Use ability | 243 | |
4768 total
» units
| Peon | 35 | |
| Troll Batrider | 14 | |
| Kodo Beast | 1 | |
50 total
» upgrades
| Reinforced Defenses | 1 | |
| Armor | 1 | |
2 total
» buildings
| Altar of Storms | 2 | |
| Orc Burrow | 6 | |
| War Mill | 2 | |
| Watch Tower | 77 | |
| Voodoo Lounge | 5 | |
| Stronghold | 2 | |
| Fortress | 2 | |
| Great Hall | 6 | |
| Beastiary | 1 | |
103 total
» build order
00:07 Altar of Storms
00:18 Orc Burrow
00:48 War Mill
02:02 Watch Tower
02:07 Orc Burrow
02:23 Watch Tower
02:52 Watch Tower
03:42 Voodoo Lounge
03:44 Watch Tower
03:47 Watch Tower
03:57 Watch Tower
03:59 Watch Tower
04:09 Watch Tower
05:02 Watch Tower
05:08 Watch Tower
05:18 Watch Tower
06:27 Stronghold
06:29 Watch Tower
06:31 Watch Tower
06:38 Watch Tower
06:39 Watch Tower
07:40 Watch Tower
07:46 Watch Tower
07:49 Watch Tower
07:50 Watch Tower
08:57 Voodoo Lounge
08:59 Fortress
09:36 Watch Tower
09:56 Watch Tower
09:57 Watch Tower
10:01 Watch Tower
10:02 Watch Tower
10:04 Watch Tower
10:25 Great Hall
10:28 Watch Tower
10:29 Watch Tower
10:30 Watch Tower
10:31 Watch Tower
11:06 Beastiary
12:20 Watch Tower
12:21 Watch Tower
12:38 Watch Tower
12:39 Watch Tower
14:22 Great Hall
14:28 Watch Tower
14:29 Watch Tower
14:42 Watch Tower
15:01 Watch Tower
15:53 Watch Tower
15:57 Watch Tower
16:22 Watch Tower
16:58 Watch Tower
17:00 Watch Tower
17:01 Watch Tower
17:08 Watch Tower
17:46 Watch Tower
17:47 Watch Tower
18:43 Watch Tower
18:52 Orc Burrow
19:33 Stronghold
19:51 Watch Tower
19:52 Watch Tower
20:18 Watch Tower
20:18 Watch Tower
21:54 Watch Tower
21:57 Watch Tower
21:58 Watch Tower
21:59 Watch Tower
22:11 Watch Tower
22:38 Watch Tower
22:39 Watch Tower
22:46 Fortress
23:37 Watch Tower
23:38 Watch Tower
23:39 Watch Tower
23:39 Watch Tower
24:01 Watch Tower
24:03 Watch Tower
24:04 Watch Tower
24:08 Watch Tower
24:15 Watch Tower
24:55 Watch Tower
24:56 Watch Tower
24:57 Watch Tower
25:06 Watch Tower
25:08 Watch Tower
25:09 Watch Tower
25:09 Watch Tower
25:13 Watch Tower
25:14 Watch Tower
25:14 Watch Tower
27:06 War Mill
29:00 Great Hall
31:39 Altar of Storms
31:41 Orc Burrow
31:43 Voodoo Lounge
32:53 Great Hall
33:00 Orc Burrow
33:21 Voodoo Lounge
34:13 Great Hall
34:18 Voodoo Lounge
45:04 Great Hall
47:12 Orc Burrow
» items
| Healing Salve | 6 | |
| Lesser Clarity Potion | 14 | |
| Boots of Quel'Thalas +6 | 1 | |
| Runed Bracers | 1 | |
| Scroll of Town Portal | 8 | |
| Staff of Sanctuary | 1 | |
| Scroll of Regeneration | 3 | |
| Orb of Venom | 1 | |
35 total
TIMG4STRok (
yellow | 88 APM | 4454 actions | 50:21)
5 Archmage
3 Blizzard
2 Brilliance Aura
4 Pandaren Brewmaster
2 Breath of Fire
2 Drunken Haze
3 Blood Mage
1 Banish
2 Flame Strike
» actions
| Assign group hotkey | 15 | |
| Basic commands | 78 | |
| Build / train | 179 | |
| ESC pressed | 1 | |
| Enter build submenu | 121 | |
| Enter hero's abilities submenu | 12 | |
| Give item / drop item | 4 | |
| Right click | 2036 | |
| Select / deselect | 420 | |
| Select group hotkey | 1138 | |
| Use ability | 446 | |
4454 total
» units
» upgrades
| Masonry | 3 | |
| Magic Sentry | 1 | |
| Lumber Harvesting | 2 | |
| Armor | 2 | |
| Swords | 2 | |
| Cloud | 1 | |
| Gunpowder | 3 | |
| Barrage | 1 | |
| Plating | 3 | |
| Storm Hammers | 1 | |
| Backpack | 1 | |
20 total
» buildings
| Altar of Kings | 1 | |
| Farm | 13 | |
| Scout Tower | 275 | |
| Lumber Mill | 1 | |
| Arcane Tower | 2 | |
| Guard Tower | 81 | |
| Keep | 1 | |
| Blacksmith | 1 | |
| Town Hall | 2 | |
| Arcane Sanctum | 1 | |
| Castle | 1 | |
| Arcane Vault | 1 | |
| Gryphon Aviary | 2 | |
| Workshop | 2 | |
384 total
» build order
00:07 Altar of Kings
00:15 Farm
00:29 Scout Tower
00:39 Lumber Mill
00:59 Arcane Tower
01:11 Scout Tower
01:37 Arcane Tower
01:39 Scout Tower
01:45 Farm
02:08 Guard Tower
02:09 Scout Tower
02:24 Scout Tower
03:06 Guard Tower
03:07 Scout Tower
03:08 Scout Tower
03:10 Scout Tower
03:11 Scout Tower
03:19 Scout Tower
03:20 Scout Tower
03:23 Scout Tower
03:23 Scout Tower
03:27 Scout Tower
03:27 Scout Tower
03:28 Scout Tower
03:29 Scout Tower
03:42 Scout Tower
03:49 Guard Tower
03:59 Guard Tower
04:04 Guard Tower
04:06 Scout Tower
04:20 Guard Tower
04:23 Scout Tower
04:25 Scout Tower
04:30 Guard Tower
04:37 Guard Tower
04:46 Guard Tower
04:51 Scout Tower
04:51 Scout Tower
04:53 Scout Tower
04:57 Guard Tower
04:57 Guard Tower
05:00 Scout Tower
05:01 Scout Tower
05:03 Scout Tower
05:03 Scout Tower
05:04 Scout Tower
05:05 Scout Tower
05:38 Guard Tower
05:40 Scout Tower
05:41 Scout Tower
05:41 Scout Tower
05:42 Scout Tower
05:43 Scout Tower
05:43 Scout Tower
06:30 Guard Tower
06:31 Scout Tower
06:32 Scout Tower
06:33 Scout Tower
06:33 Scout Tower
06:34 Scout Tower
06:36 Guard Tower
06:38 Guard Tower
06:43 Keep
08:13 Blacksmith
08:15 Scout Tower
08:16 Scout Tower
08:16 Scout Tower
08:17 Scout Tower
08:19 Scout Tower
08:19 Scout Tower
08:22 Scout Tower
08:23 Scout Tower
08:24 Scout Tower
08:25 Scout Tower
08:26 Scout Tower
08:26 Scout Tower
08:28 Guard Tower
09:34 Town Hall
09:45 Scout Tower
09:46 Scout Tower
09:47 Scout Tower
09:49 Scout Tower
09:50 Scout Tower
09:51 Scout Tower
09:53 Scout Tower
09:53 Scout Tower
09:54 Scout Tower
09:57 Scout Tower
09:57 Scout Tower
09:58 Scout Tower
10:02 Guard Tower
10:04 Arcane Sanctum
10:11 Guard Tower
10:13 Scout Tower
10:13 Scout Tower
10:14 Scout Tower
10:15 Scout Tower
10:24 Guard Tower
10:37 Guard Tower
10:38 Farm
10:43 Guard Tower
10:50 Guard Tower
10:53 Guard Tower
10:55 Guard Tower
10:59 Scout Tower
11:01 Scout Tower
11:02 Scout Tower
11:03 Scout Tower
11:07 Scout Tower
11:12 Guard Tower
11:13 Scout Tower
11:14 Scout Tower
11:19 Scout Tower
11:24 Scout Tower
11:25 Scout Tower
11:26 Scout Tower
11:27 Scout Tower
11:38 Guard Tower
11:41 Scout Tower
11:44 Guard Tower
11:46 Scout Tower
11:47 Scout Tower
11:48 Scout Tower
11:48 Scout Tower
11:52 Guard Tower
12:55 Guard Tower
13:47 Guard Tower
14:00 Guard Tower
14:16 Scout Tower
14:19 Scout Tower
14:20 Scout Tower
14:38 Castle
15:00 Guard Tower
15:26 Guard Tower
15:36 Arcane Vault
15:41 Guard Tower
15:43 Scout Tower
15:44 Scout Tower
15:44 Scout Tower
15:45 Scout Tower
15:46 Scout Tower
15:47 Scout Tower
15:47 Scout Tower
15:48 Scout Tower
15:54 Scout Tower
15:55 Scout Tower
15:56 Scout Tower
15:57 Scout Tower
15:59 Scout Tower
15:59 Scout Tower
16:00 Scout Tower
16:02 Scout Tower
16:02 Scout Tower
16:05 Scout Tower
16:07 Scout Tower
16:10 Scout Tower
16:10 Scout Tower
16:11 Scout Tower
16:12 Scout Tower
16:25 Scout Tower
16:26 Scout Tower
16:27 Scout Tower
16:27 Scout Tower
16:28 Scout Tower
16:30 Scout Tower
16:30 Scout Tower
16:31 Scout Tower
16:33 Scout Tower
16:33 Scout Tower
16:34 Scout Tower
16:47 Guard Tower
17:04 Guard Tower
18:32 Guard Tower
18:57 Guard Tower
19:29 Scout Tower
19:30 Scout Tower
19:31 Scout Tower
19:33 Scout Tower
19:34 Scout Tower
19:35 Scout Tower
19:36 Scout Tower
19:51 Scout Tower
19:52 Scout Tower
19:52 Scout Tower
19:53 Scout Tower
19:54 Scout Tower
19:54 Scout Tower
19:55 Scout Tower
19:59 Guard Tower
20:07 Gryphon Aviary
20:07 Gryphon Aviary
20:15 Guard Tower
20:42 Guard Tower
20:48 Farm
20:49 Farm
20:49 Farm
20:50 Farm
20:51 Farm
20:51 Farm
20:52 Farm
20:53 Farm
20:53 Farm
21:25 Guard Tower
21:28 Scout Tower
21:29 Scout Tower
21:30 Scout Tower
21:31 Scout Tower
21:32 Scout Tower
21:41 Guard Tower
21:43 Scout Tower
22:06 Scout Tower
22:07 Scout Tower
22:08 Scout Tower
22:10 Scout Tower
22:10 Scout Tower
22:11 Scout Tower
22:12 Scout Tower
22:12 Scout Tower
22:22 Guard Tower
22:24 Scout Tower
22:26 Scout Tower
22:27 Scout Tower
22:27 Scout Tower
22:28 Scout Tower
22:28 Scout Tower
22:29 Scout Tower
22:29 Scout Tower
22:34 Guard Tower
23:00 Guard Tower
23:14 Guard Tower
23:19 Guard Tower
23:37 Guard Tower
23:43 Guard Tower
23:46 Scout Tower
23:47 Scout Tower
23:48 Scout Tower
23:49 Scout Tower
23:49 Scout Tower
23:50 Scout Tower
23:51 Scout Tower
23:52 Scout Tower
23:55 Scout Tower
23:55 Scout Tower
23:56 Scout Tower
24:32 Guard Tower
24:59 Guard Tower
25:16 Guard Tower
25:25 Scout Tower
25:25 Scout Tower
25:26 Scout Tower
25:27 Scout Tower
25:29 Scout Tower
25:31 Scout Tower
25:34 Scout Tower
25:34 Scout Tower
25:35 Scout Tower
25:36 Scout Tower
25:37 Guard Tower
27:00 Workshop
27:00 Workshop
29:09 Guard Tower
29:12 Scout Tower
29:13 Scout Tower
29:15 Scout Tower
29:16 Scout Tower
29:18 Scout Tower
29:19 Scout Tower
29:25 Farm
29:28 Guard Tower
30:35 Guard Tower
32:17 Scout Tower
32:17 Scout Tower
32:18 Scout Tower
32:18 Scout Tower
32:19 Scout Tower
32:19 Scout Tower
32:20 Scout Tower
32:21 Scout Tower
32:21 Scout Tower
32:22 Scout Tower
32:23 Scout Tower
32:23 Scout Tower
32:24 Scout Tower
32:24 Scout Tower
32:25 Scout Tower
32:32 Scout Tower
32:32 Scout Tower
32:34 Scout Tower
32:34 Scout Tower
32:35 Scout Tower
32:37 Scout Tower
32:38 Scout Tower
32:38 Scout Tower
32:39 Scout Tower
32:40 Scout Tower
32:40 Scout Tower
32:41 Scout Tower
32:42 Scout Tower
32:43 Scout Tower
32:44 Scout Tower
32:48 Scout Tower
32:49 Scout Tower
32:50 Scout Tower
32:50 Scout Tower
32:51 Scout Tower
32:53 Scout Tower
32:54 Scout Tower
32:54 Scout Tower
32:55 Scout Tower
32:55 Scout Tower
32:57 Scout Tower
32:57 Scout Tower
32:57 Scout Tower
32:58 Scout Tower
32:59 Scout Tower
33:00 Scout Tower
33:00 Scout Tower
33:01 Scout Tower
33:02 Scout Tower
33:02 Scout Tower
33:03 Scout Tower
33:04 Scout Tower
33:29 Guard Tower
33:32 Guard Tower
34:29 Guard Tower
34:32 Guard Tower
34:48 Guard Tower
36:06 Guard Tower
36:10 Town Hall
36:30 Guard Tower
36:34 Guard Tower
37:02 Guard Tower
37:04 Scout Tower
37:05 Scout Tower
37:05 Scout Tower
37:05 Scout Tower
37:06 Scout Tower
37:07 Scout Tower
37:07 Scout Tower
37:08 Scout Tower
37:15 Scout Tower
37:15 Scout Tower
37:16 Scout Tower
39:10 Guard Tower
39:21 Guard Tower
39:25 Guard Tower
39:36 Guard Tower
39:46 Guard Tower
39:50 Guard Tower
40:44 Guard Tower
40:45 Scout Tower
40:46 Scout Tower
40:47 Scout Tower
40:47 Scout Tower
40:48 Scout Tower
40:48 Scout Tower
41:05 Guard Tower
41:41 Guard Tower
41:49 Scout Tower
41:49 Scout Tower
41:50 Scout Tower
41:51 Scout Tower
41:51 Scout Tower
41:52 Scout Tower
42:11 Guard Tower
42:42 Guard Tower
42:45 Scout Tower
42:46 Scout Tower
42:47 Scout Tower
42:47 Scout Tower
42:48 Scout Tower
42:48 Scout Tower
42:49 Scout Tower
44:50 Guard Tower
44:53 Scout Tower
44:53 Scout Tower
44:55 Scout Tower
45:31 Guard Tower
46:22 Guard Tower
46:24 Scout Tower
46:25 Scout Tower
46:27 Scout Tower
46:28 Scout Tower
48:41 Guard Tower
» items
| Healing Salve | 2 | |
| Staff of Sanctuary | 2 | |
| Scroll of Town Portal | 7 | |
| Staff of Preservation | 1 | |
| Runed Bracers | 2 | |
| Inferno Stone | 1 | |
| Boots of Quel'Thalas +6 | 1 | |
| Potion of Healing | 3 | |
| Orb of Venom | 3 | |
| Anti-magic Potion | 1 | |
| Sobi Mask | 1 | |
| The Lion Horn of Stormwind | 1 | |
25 total
Chat log
(10:18 / All) Yeggi[skynet]: nothing
(10:24 / All) BEAR_AND: thats what u win
(11:45 / Allies) iggy_the_fisk: lumm
(14:12 / Allies) iggy_the_fisk: 400 gold
(41:10 / Allies) iggy_the_fisk: dubloons
(44:17 / All) TIMG4STRok: ?
(44:50 / Allies) iggy_the_fisk: lumbo
(46:09 / All) iggy_the_fisk: how u feel
(48:51 / All) TIMG4STRok: what it like to lose on this map, i never know>?
(49:18 / All) Chance[Skynet]: you'll find out soon
(50:15 / All) BEAR_AND: ?
(50:16 / All) BEAR_AND: ?
(50:17 / All) BEAR_AND: ?
(50:17 / All) BEAR_AND: ?
(50:17 / All) iggy_the_fisk: gg noobs
(50:17 / All) BEAR_AND: ?
(50:18 / All) BEAR_AND: ?
(50:18 / All) BEAR_AND: ?
(50:18 / All) BEAR_AND: ?
(50:19 / All) BEAR_AND: ?
(50:19 / All) BEAR_AND: ?
(50:19 / All) BEAR_AND: ?
(50:20 / All) BEAR_AND: ?
(50:20 / All) BEAR_AND: ?